 Dungeon Crawl Stone Soup version 0.31-a0-851-g7ff8af7976 (webtiles) character file.

Game seed: 11865311646744699525

8105 BinkBink the Nimble (level 11, -1/54 HPs)
             Began as a Spriggan Hunter on Oct 6, 2023.
             Was a High Priest of Hepliaklqana.
             Slain by a white ugly thing (3 damage)
             ... while petrified by a catoblepas
             ... on level 10 of the Dungeon.
             The game lasted 00:18:39 (9831 turns).

BinkBink the Nimble (Spriggan Hunter)               Turns: 9831, Time: 00:18:39

Health: -1/54      AC:  2    Str:  7    XL:     11   Next: 5%
Magic:  12/12      EV:  4    Int: 10    God:    Hepliaklqana [*****.]
Gold:   615        SH:  0    Dex: 24    Spells: 10/10 levels left

rFire   . . .        a - +0 shortbow
rCold   . . .        (shield currently unavailable)
rNeg    + + +        c - +0 robe
rPois   ∞            q - melded +1 hat {SInv}
rElec   .            (cloak currently unavailable)
rCorr   .            (gloves unavailable)
SInv    +            (boots unavailable)
Will    +....        m - amulet of faith
Stlth   ++           h - +5 ring of evasion
HPRegen 0.29/turn    u - +5 ring of evasion
MPRegen 0.13/turn

%: faith
@: beast-form, petrified, spiked, studying Maces & Flails, very quick
A: beast (slay +4), reduced essence, very small, no large weapons, unfitting
armour, see invisible, speed 3
a: Begin Untransformation, Renounce Religion, Recall Ancestor, Ancestor
Identity, Transference, Idealise


You were on level 10 of the Dungeon.
You worshipped Hepliaklqana.
Hepliaklqana was extremely pleased with you.
You were a hulking beast.
You visited 1 branch of the dungeon, and saw 10 of its levels.

You collected 615 gold pieces.

Inventory:

Hand Weapons
 a - a +0 shortbow (weapon)
Missiles
 L - 3 throwing nets
Armour
 c - a +0 robe (worn)
 q - a +1 hat of see invisible (melded)
 w - a +0 troll leather armour
Jewellery
 d - a ring of positive energy
 h - a +5 ring of evasion (left hand)
 m - an amulet of faith (around neck)
 u - a +5 ring of evasion (right hand)
 D - a ring of wizardry
 F - a ring of wizardry
 H - a +5 ring of evasion
 M - an amulet of guardian spirit
Talismans
 j - a beast talisman (active)
Wands
 y - a wand of flame (21)
 I - a wand of roots (4)
 K - a wand of light (5)
Scrolls
 b - a scroll of butterflies
 e - 2 scrolls of fear
 f - 6 scrolls of vulnerability
 g - a scroll of torment
 i - a scroll of teleportation
 n - 5 scrolls of revelation
 o - 2 scrolls of fog
 r - a scroll of poison
 s - 2 scrolls of enchant armour {unknown}
 x - a scroll of enchant weapon {unknown}
 G - a scroll of brand weapon {unknown}
 J - a scroll of identify
 N - a scroll of noise {unknown}
Potions
 k - a potion of berserk rage
 l - 10 potions of curing
 p - a potion of mutation
 t - 2 potions of degeneration {unknown}
 v - 2 potions of might {unknown}
 z - a potion of cancellation {unknown}
 A - 3 potions of resistance {unknown}
 B - a potion of attraction {unknown}
 C - 3 potions of heal wounds {unknown}
 E - a potion of invisibility {unknown}


   Skills:
 + Level 8.0 Fighting
 + Level 10.2 Ranged Weapons
 + Level 12.2 Dodging
 - Level 1.8 Stealth
 - Level 7.0 Shapeshifting


You had 10 spell levels left.
You didn't know any spells.
Your spell library contained the following spells:

 Spells                   Type           Power      Damage    Failure   Level
 Foxfire                  Conj/Fire      0%         2x1d4     36%         1
 Call Canine Familiar     Summ           0%         N/A       75%         3
 Dazzling Flash           Conj/Hex       0%         N/A       75%         3
 Ozocubu's Armour         Ice            0%         N/A       75%         3
 Sigil of Binding         Hex            0%         N/A       75%         3
 Volatile Blastmotes      Fire/Tloc      0%         2d10      75%         3
 Dimensional Bullseye     Hex/Tloc       0%         N/A       98%         4
 Leda's Liquefaction      Hex/Erth       0%         N/A       98%         4
 Metabolic Englaciation   Hex/Ice        0%         N/A       100%        5
 Plasma Beam              Fire/Air       0%         2x1d10    100%        6
 Simulacrum               Ice/Necr       0%         N/A       100%        6
 Starburst                Conj/Fire      0%         6d3       100%        6
 Maxwell's Capacitive Co  Air            0%         ∞         100%        8


Dungeon Overview and Level Annotations

Branches:
Dungeon (10/15)            Temple (0/1) D:7            Lair (0/5) D:9
    Orc: D:9-12

Altars:
Ashenzari
Cheibriados
Dithmenos
Elyvilon
Hepliaklqana
Makhleb
Okawaru
Ru
Sif Muna
Wu Jian
Xom
Yredelemnul
Zin

Shops:
D:10 (

Annotations:
D:2 Robin
D:3 1 runed translucent door, Crazy Yiuf


Innate Abilities, Weirdness & Mutations

You are a hulking beast.
Your limbs bulge with bestial killing power. (Slay +4)
You are immune to poison.
Your life essence is reduced to manifest your ancestor. (-10% HP)
You are very small and have problems with some larger weapons.
You are too small for most types of armour.
You have supernaturally acute eyesight. (SInv)
You cover ground extremely quickly. (Speed+++)


Message History

You shoot an arrow. The arrow hits the manticore!
The manticore is moderately wounded.
You shoot an arrow. The arrow hits the manticore!
The manticore is heavily wounded.
You shoot an arrow. The arrow hits the manticore!
The manticore is severely wounded.
You hear a bellow!
A white ugly thing comes into view.
A catoblepas comes into view.
The manticore flicks its tail.
The volley of spikes hits you!!
The barbed spikes become lodged in your body.
The white ugly thing gurgles horribly!
You hear a horrible gurgling sound!
You shoot an arrow. The arrow hits the manticore.
The manticore is severely wounded.
You shoot an arrow. The arrow hits the manticore!
The manticore is almost dead.
The catoblepas breathes a plume of calcifying dust at you.
The blast of calcifying dust hits you!
Amenemopet hits the manticore with a +0 flail!
The manticore dies!
Unknown command.
You are too injured to fight recklessly!
Unknown command.
As you read the scroll of teleportation, it crumbles to dust.
You feel strangely unstable.
You are engulfed in calcifying dust.
You are slowing down.
You are engulfed in calcifying dust.
Your limbs have turned to stone.
The catoblepas breathes a plume of calcifying dust at you.
The blast of calcifying dust hits you.
Amenemopet completely misses the catoblepas.
You have turned to stone.
You are engulfed in calcifying dust.
Your surroundings seem slightly different.
The white ugly thing trunk-slaps you. The white ugly thing freezes you!!
* * * LOW HITPOINT WARNING * * *
A purple ugly thing comes into view.
The purple ugly thing moves out of view.
An arrow appears from out of your range of vision.
The arrow hits Amenemopet!
The white ugly thing trunk-slaps you!
You die...

##### ####
###...########### . ..O..
##h..#.....#.....##
....##.##u.##).............
..........##...............
.........Y.................
.#####R##<.#....#.O.#......
#.§.........#.#.......
#.§..........∩........
#..>........#.#.......
##..§.......#...#......


You could see the friendly Amenemopet the knight, a catoblepas and a white ugly
thing.

Vanquished Creatures
  Harold (D:10)
  Lodul (D:10)
  Pikel (D:8)
  A wyvern (D:8)
  4 yaks (D:10)
  2 black bears
  2 orc warriors (D:9)
  2 sky beasts (D:7)
  An ice beast (D:5)
  10 ogres
  2 centaurs
  A kobold brigand (D:7)
  A phantom (D:6)
  7 bullfrogs
  2 gnoll sergeants
  2 scorpions (D:5)
  4 wights (D:8)
  7 killer bees
  A howler monkey (D:7)
  An electric eel (D:8)
  4 hounds
  6 orc priests
  Jessica (D:2)
  2 sleepcaps
  Terence (D:3)
  An orc wizard (D:4)
  3 iguanas
  13 gnolls
  8 adders
  2 dart slugs
  2 worms
  20 orcs
  7 endoplasms
  2 giant cockroaches (D:4)
  8 goblins
  9 hobgoblins
  4 jackals (D:3)
  5 quokkas
  7 ball pythons
  A bat (D:2)
  A frilled lizard (D:1)
  12 kobolds
  8 rats
180 creatures vanquished.

Vanquished Creatures (collateral kills)
  A manticore (D:10)
  A troll (D:6)
  A steam dragon (D:8)
  A water moccasin (D:7)
  An orc warrior (D:9)
  2 ogres
  A centaur (D:7)
  A phantom (D:6)
  2 kobold brigands
  3 wights (D:8)
  5 killer bees
  A howler monkey (D:7)
  A jelly (D:7)
  A gnoll bouda (D:5)
  An orc priest (D:8)
  2 iguanas
  A sleepcap (D:5)
  2 gnolls (D:5)
  A white imp (D:5)
  5 orcs
34 creatures vanquished.

Vanquished Creatures (others)
  3 knights
3 creatures vanquished.

Grand Total: 217 creatures vanquished

Notes
Turn   | Place    | Note
-------+----------+-------------------------------------------
     0 | D:1      | BinkBink the Spriggan Hunter began the quest for the Orb.
     0 | D:1      | Reached XP level 1. HP: 10/10 MP: 2/2
   260 | D:1      | Found a faded altar of an unknown god.
   372 | D:1      | Prayed at the altar of an unknown god.
   372 | D:1      | Became a worshipper of Hepliaklqana the Forgotten
   372 | D:1      | Reached * piety under Hepliaklqana
   546 | D:1      | Reached skill level 3 in Dodging
   894 | D:2      | Reached XP level 2. HP: 9/13 MP: 3/3
  1002 | D:2      | Noticed Robin
  1237 | D:2      | Reached XP level 3. HP: 13/16 MP: 4/4
  2055 | D:3      | Noticed Jessica
  2090 | D:2      | Killed Jessica
  2091 | D:2      | Reached skill level 4 in Dodging
  2091 | D:2      | Reached XP level 4. HP: 19/20 MP: 5/5
  2143 | D:3      | Reached ** piety under Hepliaklqana
  2516 | D:3      | Noticed Terence
  2554 | D:3      | Killed Terence
  2555 | D:3      | Reached XP level 5. HP: 25/25 MP: 6/6
  2649 | D:3      | Found a runed translucent door.
  2650 | D:3      | Noticed Crazy Yiuf
  2903 | D:3      | Reached skill level 5 in Ranged Weapons
  3292 | D:4      | Found an ornate altar of the Wu Jian Council.
  3356 | D:4      | Reached *** piety under Hepliaklqana
  3356 | D:4      | Noticed an ogre
  3375 | D:4      | Killed an ogre
  3376 | D:4      | Reached skill level 5 in Dodging
  3376 | D:4      | Reached XP level 6. HP: 28/28 MP: 7/7
  4327 | D:5      | Entered Level 5 of the Dungeon
  4625 | D:5      | Reached skill level 6 in Dodging
  4625 | D:5      | Reached XP level 7. HP: 33/33 MP: 8/8
  4764 | D:5      | Remembered your ancestor Amenemopet as a knight
  4967 | D:5      | Reached skill level 7 in Dodging
  5065 | D:5      | Reached XP level 8. HP: 37/37 MP: 9/9
  5188 | D:5      | Found a sacrificial altar of Ru.
  5188 | D:5      | Found an iron altar of Okawaru.
  5401 | D:6      | Reached skill level 5 in Fighting
  5540 | D:6      | Found a broken altar of Ashenzari.
  5549 | D:6      | Reached **** piety under Hepliaklqana
  5596 | D:6      | Noticed a troll
  5620 | D:6      | Reached skill level 8 in Dodging
  5620 | D:6      | Reached skill level 1 in Shapeshifting
  5655 | D:6      | Killed a troll
  5795 | D:6      | Found a snail-covered altar of Cheibriados.
  5893 | D:6      | Found a shimmering altar of Xom.
  5893 | D:6      | Found a white marble altar of Elyvilon.
  5900 | D:6      | Found a faded altar of an unknown god.
  5902 | D:6      | Found a basalt altar of Yredelemnul.
  5904 | D:6      | Found a glowing silver altar of Zin.
  6047 | D:7      | Found a staircase to the Ecumenical Temple.
  6211 | D:7      | Found a shadowy altar of Dithmenos.
  6380 | D:7      | Reached XP level 9. HP: 43/43 MP: 10/10
  6400 | D:7      | Reached skill level 9 in Dodging
  6847 | D:7      | Reached ***** piety under Hepliaklqana
  7144 | D:8      | Reached skill level 5 in Shapeshifting
  7257 | D:8      | Identified the +7 trident of Bioresk {heavy, rF+ Str+3}
  7380 | D:8      | Reached skill level 10 in Dodging
  7889 | D:8      | Found a shimmering blue altar of Sif Muna.
  7939 | D:8      | Found a burning altar of Makhleb.
  8187 | D:8      | Found the sphere of Battle
  8364 | D:8      | Noticed Pikel
  8380 | D:8      | Killed Pikel
  8381 | D:8      | Reached XP level 10. HP: 47/47 MP: 11/11
  8575 | D:9      | Identified the +0 glaive of Wyrd {freeze, rF+ rC- Int+6}
  8918 | D:9      | Found a staircase to the Lair.
  8986 | D:9      | Reached skill level 11 in Dodging
  9399 | D:10     | Entered Level 10 of the Dungeon
  9439 | D:10     | Noticed Harold
  9465 | D:10     | Killed Harold
  9478 | D:10     | Found Lekaonew's Weapon Shop.
  9697 | D:10     | Noticed Lodul
  9711 | D:10     | Killed Lodul
  9712 | D:10     | Reached skill level 10 in Ranged Weapons
  9712 | D:10     | Reached skill level 12 in Dodging
  9762 | D:10     | Reached XP level 11. HP: 54/54 MP: 12/12
  9822 | D:10     | Noticed a white ugly thing
  9822 | D:10     | Noticed a catoblepas
  9830 | D:10     | HP: 1/54 [white ugly thing (17)]
  9830 | D:10     | Noticed a purple ugly thing
  9831 | D:10     | Slain by a white ugly thing

Illustrated notes

Levels and vault maps discovered:
D:1:      saegor_arrival_under_anarchy, layout_loops_corners,
          hellmonk_ecumenical_altar_inner_sanctum
D:2:      layout_basic, uniq_robin
D:3:      layout_basic, uniq_terence, uniq_crazy_yiuf_cottage, uniq_jessica
D:4:      layout_basic, nzn_wu_jian_contemplation
D:5:      layout_loops_ring, gammafunk_temple_overflow_wave, minmay_manual_mess
D:6:      layout_rooms, general_overflow_altar, ashenzari_conservatory_becter,
          chequers_temple_overflow_minitemple
D:7:      layout_gridville, lemuel_crystal_altar, minmay_temple_entry_waves
D:8:      layout_loops_corners, led_sif_pool, makhleb_blood_cavern_becter,
          kennysheep_small_spiral, uniq_pikel
D:9:      layout_loops_ring, grunt_lair_entry_orc_guard_hut
D:10:     minmay_blocky_corners, layout_rooms, lemuel_tele_altar, serial_shops,
          nicolae_shop_advertising_works [nicolae_subvault_shop_adworks],
          uniq_sonja, uniq_lodul, uniq_harold

Skill      XL: |  1  2  3  4  5  6  7  8  9 10 |
---------------+-------------------------------+-----
Dodging        | 3 4 5 6 7 8 10 12 | 12.2
Fighting       | 2 3 4 5 6 8 |  8.0
Ranged Weapons | 5 6 7 8 10 | 10.2
Shapeshifting  | 3 6 7 |  7.0
Stealth        | |  1.8

Action                     |  1- 3 |  4- 6 |  7- 9 | 10-12 || total
---------------------------+-------+-------+-------+-------++-------
   Fire: Shortbow          |   101 |   213 |   349 |   190 ||   853
 Invoke: Recall Ancestor   |       |       |     4 |     3 ||     7
         Ancestor Life: Kn |       |       |     1 |       ||     1
    Use: Scroll            |       |       |    10 |     1 ||    11
 Armour: Robe              |    16 |    13 |    12 |    10 ||    51
  Dodge: Dodged            |    37 |    54 |    60 |    50 ||   201
   Form: Beast             |       |       |     1 |       ||     1

Table legend: (Time is in decaauts)
 A = Elapsed time spent in this place.
 B = Non-inter-level travel time spent in this place.
 C = Inter-level travel time spent in this place.
 D = Time resting spent in this place.
 E = Time spent auto-exploring this place.
 F = Levels seen in this place.
 G = Mean time per level.
                   A        B        C        D        E       F      G
               +--------+--------+--------+--------+--------+-----+--------+
         Total |   6854 |   6552 |    302 |    500 |   4362 |  10 |  685.4 |
       Dungeon |   6854 |   6552 |    302 |    500 |   4362 |  10 |  685.4 |
               +--------+--------+--------+--------+--------+-----+--------+

Top non-repeatable levels by time:
     D:8: 1159 daAuts
     D:3: 876 daAuts
     D:2: 809 daAuts
     D:5: 724 daAuts
     D:4: 660 daAuts
     D:7: 644 daAuts
     D:9: 618 daAuts
     D:1: 606 daAuts
     D:6: 439 daAuts
    D:10: 315 daAuts
